 Dungeon Crawl Stone Soup version 0.21.0-24-g2553a33 (webtiles) character file.

437 tidbits the Skirmisher (level 7, -1/59 HPs)
             Began as a Gnoll Wanderer on Jan 19, 2018.
             Slain by Menkaure (7 damage)
             ... on level 7 of the Dungeon.
             The game lasted 00:12:28 (1312 turns).

tidbits the Skirmisher (Gnoll Wanderer)             Turns: 1312, Time: 00:12:29

Health: -1/59      AC:  4    Str: 14    XL:     7   Next: 1%
Magic:  0/12       EV: 13    Int: 18    God:
Gold:   213        SH:  5    Dex: 19    Spells: 10/13 levels left

rFire    + . .     SeeInvis .   a - +2 flail (protect)
rCold    . . .     Gourm    .   D - +0 buckler
rNeg     . . .     Faith    .   B - +2 robe {rF+}
rPois    +         Spirit   +   (no helmet)
rElec    .         Reflect  .   (no cloak)
rCorr    .         Harm     .   (no gloves)
MR       .....     NoTele   +   (no boots)
Stlth    ++++......             x - amulet of Lefiodghe {Spirit -Tele rPois Stlth+}
HPRegen  0.19/turn              P - ring of poison resistance
MPRegen  0.13/turn              X - +4 ring of dexterity

@: very slightly contaminated
A: distributed training, fangs 1, blurry vision 1, clever 1, strong nose
a: no special abilities


You were on level 7 of the Dungeon.
You were not hungry.

You visited 1 branch of the dungeon, and saw 7 of its levels.

You collected 213 gold pieces.

Inventory:

Hand Weapons
 a - a +2 flail of protection (weapon)
   (You found it on level 3 of the Dungeon)
 b - a +0 dagger
 j - a +0 short sword
 o - a +0 rapier
 q - a +0 long sword
 s - a +0 hunting sling
 z - a +0 shortbow
Missiles
 h - 4 exploding tomahawks
 i - 66 stones
 u - 7 tomahawks of returning (quivered)
 A - 8 arrows
Armour
 m - a +0 robe
 B - a +2 robe of fire resistance (worn)
   (You found it on level 2 of the Dungeon)
 D - a +0 buckler (worn)
Magical Staves
 n - an uncursed staff of summoning
   (You found it on level 5 of the Dungeon)
Jewellery
 x - the amulet of Lefiodghe (around neck) {Spirit -Tele rPois Stlth+}
   (You found it on level 5 of the Dungeon)

   [amulet of guardian spirit]

   It causes incoming damage to be split between your health and magic.
   It protects you from poison.
   It prevents most forms of teleportation.
   It makes you more stealthy.
 P - a ring of poison resistance (left hand)
   (You found it on level 1 of the Dungeon)
 X - a +4 ring of dexterity (right hand)
   (You found it on level 1 of the Dungeon)
Scrolls
 e - a scroll of noise {unknown}
 l - a scroll of amnesia {unknown}
 p - 2 scrolls of teleportation
 r - 3 scrolls of remove curse
 t - a scroll of fear {unknown}
 v - a scroll of fog {unknown}
 y - a scroll of identify {unknown}
Potions
 g - a potion of flight
Books
 d - a book of Geomancy

   Spells                             Type                      Level
   a - Sandblast                      Earth                        1
   b - Passwall                       Transmutation/Earth          2
   c - Stone Arrow                    Conjuration/Earth            3
   d - Petrify                        Transmutation/Earth          4
   e - Lee's Rapid Deconstruction     Earth                        5
 f - a book of Minor Magic
   (You found it on level 2 of the Dungeon)

   Spells                             Type                      Level
   a - Magic Dart                     Conjuration                  1
   b - Blink                          Translocation                2
   c - Call Imp                       Summoning                    2
   d - Slow                           Hexes                        2
   e - Conjure Flame                  Conjuration/Fire             3
   f - Mephitic Cloud                 Conjuration/Poison/Air       3
Comestibles
 c - a ration


   Skills:
 + Level 6.9 Fighting
 + Level 2.1 Short Blades
 + Level 2.1 Long Blades
 + Level 2.1 Axes
 + Level 2.1 Maces & Flails
 + Level 2.1 Polearms
 + Level 2.1 Staves
 + Level 2.1 Slings
 + Level 2.1 Bows
 + Level 2.1 Crossbows
 + Level 3.4 Throwing
 + Level 2.1 Armour
 + Level 2.1 Dodging
 + Level 3.2 Stealth
 + Level 3.4 Shields
 + Level 3.4 Unarmed Combat
 + Level 3.5 Spellcasting
 + Level 1.7 Conjurations
 + Level 1.7 Hexes
 + Level 2.7 Charms
 + Level 1.7 Summonings
 + Level 1.7 Necromancy
 + Level 1.7 Translocations
 + Level 2.7 Transmutations
 + Level 1.7 Fire Magic
 + Level 1.7 Ice Magic
 + Level 1.7 Air Magic
 + Level 1.7 Earth Magic
 + Level 1.7 Poison Magic
 + Level 2.4 Invocations
 + Level 2.1 Evocations


You had 10 spell levels left.
You knew the following spells:

 Your Spells              Type           Power        Failure   Level  Hunger
a - Sandblast             Erth           #.....       9%          1    None
p - Passwall              Tmut/Erth      ##........   10%         2    ##.....


Dungeon Overview and Level Annotations

Branches:
Dungeon (7/15)
 Temple: D:4-7

Altars:
Vehumet

Annotations:
D:2 Terence
D:7 Menkaure


Innate Abilities, Weirdness & Mutations

Your experience applies equally to all skills.
You have very sharp teeth.
Your uncanny sense of smell can sniff out nearby items.
Scrolls take you a little longer to read.
Your mind is acute. (Int +2)


Message History

Your Long Blades skill increases to level 2!
Your Axes skill increases to level 2!
Your Maces & Flails skill increases to level 2!
Your Polearms skill increases to level 2!
Your Staves skill increases to level 2!
Your Slings skill increases to level 2!
Your Bows skill increases to level 2!
Your Crossbows skill increases to level 2!
Your Armour skill increases to level 2!
Your Dodging skill increases to level 2!
Your Evocations skill increases to level 2!
A centaur comes into view.
The centaur shouts!
The centaur wields a shortbow.
The centaur shoots an arrow.
The arrow hits you.
You see here an arrow.
The centaur shoots an arrow.
You block the arrow.
The centaur shoots an arrow.
You block the arrow.
The centaur shoots an arrow.
The arrow closely misses you.
You see here an arrow.
The centaur shoots an arrow.
The arrow hits you!
The centaur shoots an arrow.
The arrow closely misses you.
The centaur shoots an arrow.
The arrow barely misses you.
The centaur shoots an arrow.
You block the arrow.
You see here an arrow.
The centaur unwields an uncursed shortbow.
The centaur misses you.
You sock the centaur!
Your weapon exudes an aura of protection.
Your bite misses the centaur.
The centaur is moderately wounded.
You block the centaur's attack. The centaur misses you.
Casting: Sandblast
Confirm with . or Enter, or press ? or * to list all spells.
Aiming: Sandblast
Press: ? - help, Shift-Dir - straight line, f - centaur
Aim: a centaur (moderately wounded)
The blast of sand hits the centaur.
The centaur is heavily wounded.
i - 67 stones The centaur misses you.
You sock the centaur!
The centaur is almost dead.
The centaur completely misses you. The centaur hits you.
You closely miss the centaur.
The centaur is almost dead.
You block the centaur's attack. The centaur misses you.
You sock the centaur!
You kill the centaur!
You have reached level 7!
Things that are here:
an uncursed shortbow; 8 arrows; a centaur corpse
z - an uncursed shortbow;
A - 8 arrows
Found a hunting sling.
Throwing (i - inventory. (,) - cycle):
u - 7 tomahawks of returning (quivered)
Press: ? - help, Shift-Dir - straight line, f - Menkaure
Aim: Menkaure (resting)
You throw a tomahawk of returning.
The tomahawk of returning hits Menkaure but does no damage.
Menkaure shouts!
The tomahawk of returning returns to your pack!
Casting: Sandblast
Confirm with . or Enter, or press ? or * to list all spells.
Aiming: Sandblast
Press: ? - help, Shift-Dir - straight line, f/p - Menkaure
Aim: Menkaure The blast of sand hits Menkaure.
Menkaure is lightly damaged.
i - 66 stones
Casting: Sandblast
Confirm with . or Enter, or press ? or * to list all spells.
Aiming: Sandblast
Press: ? - help, Shift-Dir - straight line, f/p - Menkaure
Aim: Menkaure (lightly damaged)
You miscast Sandblast.
You are very lightly contaminated with residual magic.
You momentarily stiffen.
You barely miss Menkaure.
Menkaure is lightly damaged.
You hear the faint creaking of a very distant portcullis.
Menkaure calls on the powers of darkness!
Your body is wracked with pain!
* * * LOW HITPOINT WARNING * * *
Casting: Sandblast
Confirm with . or Enter, or press ? or * to list all spells.
Aiming: Sandblast
Press: ? - help, Shift-Dir - straight line, f/p - Menkaure
Aim: Menkaure (lightly damaged)
You miscast Sandblast.
You momentarily stiffen.
Menkaure hits you!!
* * * LOW HITPOINT WARNING * * *
It was a potion of mutation.
You feel extremely strange.
Your vision blurs.
You feel clever. You block Menkaure's attack.
You feel better. Menkaure hits you.
* * * LOW HITPOINT WARNING * * *
You completely miss Menkaure. You bite Menkaure, but do no damage.
Menkaure is lightly damaged.
Menkaure giggles, "These cerements are ticklish..."
Menkaure hits you!
You die...

#.# #.#.......)..
#########.#
#.#.....<....
#.........#
####.#.####'####
###.#...##
#.>..........# #(.(#
#............#
#...####............#
#..(##..............# #
#...##M#.......(....#
#.#...##@#............#
#....(...#............#
###...####.....M.....$#
#..†# #............#
#...# #............#
#...# #........ #####
#).......


You could see Menkaure.

Vanquished Creatures
  An ice beast (D:7)
  A centaur (D:7)
  A crimson imp (D:7)
  A jelly (D:7)
  2 orc priests
  An iguana (D:5)
  A worker ant (D:5)
  2 adders (D:5)
  A worm (D:3)
  A dart slug (D:1)
  3 leopard geckos
  6 orcs
  5 bats
  3 giant cockroaches
  9 hobgoblins
  4 jackals (D:5)
  3 frilled lizards (D:1)
  6 goblins
  7 kobolds
  2 rats (D:3)
60 creatures vanquished.

Notes
Turn   | Place    | Note
-------+----------+-------------------------------------------
     0 | D:1      | tidbits the Gnoll Wanderer began the quest for the Orb.
     0 | D:1      | tidbits set off with: a book of Geomancy, 2 scrolls of teleportation, a +0 robe, a +0 dagger, a ration
     0 | D:1      | Reached XP level 1. HP: 23/23 MP: 4/4
     2 | D:1      | Learned a level 1 spell: Sandblast
   142 | D:2      | Reached skill level 2 in Charms
   142 | D:2      | Reached skill level 2 in Transmutations
   217 | D:1      | Reached XP level 2. HP: 26/29 MP: 5/5
   226 | D:1      | Learned a level 2 spell: Passwall
   451 | D:1      | Reached XP level 3. HP: 17/35 MP: 7/7
   745 | D:3      | Reached skill level 1 in Invocations
   814 | D:2      | Noticed Terence
   861 | D:3      | Reached skill level 1 in Short Blades
   861 | D:3      | Reached skill level 1 in Long Blades
   861 | D:3      | Reached skill level 1 in Axes
   861 | D:3      | Reached skill level 1 in Maces & Flails
   861 | D:3      | Reached skill level 1 in Polearms
   861 | D:3      | Reached skill level 1 in Staves
   861 | D:3      | Reached skill level 1 in Slings
   861 | D:3      | Reached skill level 1 in Bows
   861 | D:3      | Reached skill level 1 in Crossbows
   861 | D:3      | Reached skill level 1 in Armour
   861 | D:3      | Reached skill level 1 in Dodging
   861 | D:3      | Reached skill level 1 in Evocations
   881 | D:3      | Reached skill level 3 in Spellcasting
   881 | D:3      | Reached XP level 4. HP: 23/41 MP: 1/8
   968 | D:3      | Reached skill level 1 in Conjurations
   968 | D:3      | Reached skill level 1 in Hexes
   968 | D:3      | Reached skill level 1 in Summonings
   968 | D:3      | Reached skill level 1 in Necromancy
   968 | D:3      | Reached skill level 1 in Translocations
   968 | D:3      | Reached skill level 1 in Fire Magic
   968 | D:3      | Reached skill level 1 in Ice Magic
   968 | D:3      | Reached skill level 1 in Air Magic
   968 | D:3      | Reached skill level 1 in Earth Magic
   968 | D:3      | Reached skill level 1 in Poison Magic
   983 | D:5      | Entered Level 5 of the Dungeon
   987 | D:5      | Reached XP level 5. HP: 11/47 MP: 5/9
  1103 | D:5      | Got an ancient tin amulet
  1104 | D:5      | Identified the amulet of Lefiodghe {Spirit -Tele rPois Stlth+} (You found it on level 5 of the Dungeon)
  1140 | D:5      | Reached skill level 3 in Throwing
  1140 | D:5      | Reached skill level 3 in Shields
  1140 | D:5      | Reached skill level 3 in Unarmed Combat
  1148 | D:5      | Found a radiant altar of Vehumet.
  1217 | D:7      | Noticed Menkaure
  1227 | D:7      | Reached XP level 6. HP: 41/53 MP: 5/10
  1231 | D:7      | Noticed an ice beast
  1247 | D:7      | Killed an ice beast
  1247 | D:7      | Reached skill level 3 in Stealth
  1247 | D:7      | Reached skill level 2 in Invocations
  1274 | D:7      | Reached skill level 2 in Short Blades
  1274 | D:7      | Reached skill level 2 in Long Blades
  1274 | D:7      | Reached skill level 2 in Axes
  1274 | D:7      | Reached skill level 2 in Maces & Flails
  1274 | D:7      | Reached skill level 2 in Polearms
  1274 | D:7      | Reached skill level 2 in Staves
  1274 | D:7      | Reached skill level 2 in Slings
  1274 | D:7      | Reached skill level 2 in Bows
  1274 | D:7      | Reached skill level 2 in Crossbows
  1274 | D:7      | Reached skill level 2 in Armour
  1274 | D:7      | Reached skill level 2 in Dodging
  1274 | D:7      | Reached skill level 2 in Evocations
  1286 | D:7      | Reached XP level 7. HP: 34/59 MP: 3/12
  1310 | D:7      | Gained mutation: Scrolls take you a little longer to read. [potion of mutation]
  1310 | D:7      | Gained mutation: Your mind is acute. (Int +2) [potion of mutation]
  1312 | D:7      | Slain by Menkaure

Skill      XL: |  1  2  3  4  5  6 |
---------------+-------------------+-----
Charms         | 2 |  2.7
Transmutations | 2 |  2.7
Invocations    | 1 2 |  2.4
Short Blades   | 1 2 |  2.1
Long Blades    | 1 2 |  2.1
Axes           | 1 2 |  2.1
Maces & Flails | 1 2 |  2.1
Polearms       | 1 2 |  2.1
Staves         | 1 2 |  2.1
Slings         | 1 2 |  2.1
Bows           | 1 2 |  2.1
Crossbows      | 1 2 |  2.1
Armour         | 1 2 |  2.1
Dodging        | 1 2 |  2.1
Evocations     | 1 2 |  2.1
Spellcasting   | 3 |  3.5
Conjurations   | 1 |  1.7
Hexes          | 1 |  1.7
Summonings     | 1 |  1.7
Necromancy     | 1 |  1.7
Translocations | 1 |  1.7
Fire Magic     | 1 |  1.7
Ice Magic      | 1 |  1.7
Air Magic      | 1 |  1.7
Earth Magic    | 1 |  1.7
Poison Magic   | 1 |  1.7
Throwing       | 3 |  3.4
Shields        | 3 |  3.4
Unarmed Combat | 3 |  3.4
Stealth        | 3 |  3.2
Fighting       | |  6.9

Action                   |  1- 3 |  4- 6 |  7- 9 || total
-------------------------+-------+-------+-------++-------
Melee: Dagger            |   112 |     2 |       ||   114
       Bite              |    20 |     2 |     1 ||    23
       Flail             |     8 |    38 |     2 ||    48
       Punch             |     1 |       |       ||     1
       Unarmed           |       |     4 |       ||     4
Throw: Tomahawk          |       |     5 |     1 ||     6
 Cast: Sandblast         |    34 |    20 |     1 ||    55
  Use: Potion            |     4 |     3 |     2 ||     9
       Scroll            |     2 |     3 |       ||     5
 Stab: Sleeping          |     4 |     2 |       ||     6
  Eat: Chunk             |       |     2 |       ||     2
Armor: Robe              |    44 |    18 |       ||    62
       Skin              |       |     6 |       ||     6
Dodge: Dodged            |    84 |    34 |       ||   118
Block: Buckler           |       |    24 |     1 ||    25

Table legend:
 A = Turns spent in this place as a percentage of turns spent in the entire game.
 B = Non-inter-level travel turns spent in this place as a percentage of non-inter-level travel turns spent in the entire game.
 C = Inter-level travel turns spent in this place as a percentage of turns spent in this place.
 D = Turns resting spent in this place as a percentage of non-inter-level travel turns spent in this place.
 E = Turns spent auto-exploring this place as a percentage of non-inter-level travel turns spent in this place.
 F = Non-inter-level travel turns spent in this place divided by the number of levels of this place that you've seen.
                   A       B       C       D       E      F
               +-------+-------+-------+-------+-------+----------------------
         Total | 100.0 | 100.0 |   0.0 |   0.5 |   0.0 | 187.4
       Dungeon | 100.0 | 100.0 |   0.0 |   0.5 |   0.0 | 187.4
               +-------+-------+-------+-------+-------+----------------------

Table legend:
 A = Kills in this place as a percentage of kills in entire the game.
 B = Kills by you in this place as a percentage of kills by you in the entire game.
 C = Kills by friends in this place as a percentage of kills by friends in the entire game.
 D = Other kills in this place as a percentage of other kills in the entire game.
 E = Experience gained in this place as a percentage of experience gained in the entire game.
 F = Experience gained in this place divided by the number of levels of this place that you have seen.
                   A       B       C       D       E      F
               +-------+-------+-------+-------+-------+----------------------
         Total | 100.0 | 100.0 |   N/A |   N/A | 100.0 |  89.3
       Dungeon | 100.0 | 100.0 |   N/A |   N/A | 100.0 |  89.3
               +-------+-------+-------+-------+-------+----------------------

Vault maps used:
D:1:      minmay_arrival_radiant_lines, serial_aquarium, aquarium_bridge_square,
          aquarium_window_2, aquarium_window_fake, aquarium_window_3,
          aquarium_view_2b, aquarium_view_2c
D:2:      uniq_terence
D:4:      lemuel_round_altar, first_ration
D:5:      lemuel_doored_altar, kennysheep_mini_moat, minivault_5,
          okawaru_altar_gauntlet_db
D:6:      serial_shops, shop, uniq_pikel
D:7:      xom_shifter_show, chequers_temple_overflow_statue_of_worship,
          minmay_temple_entry_poolview, enter_bailey_3, uniq_menkaure
